 Dungeon Crawl Stone Soup version 0.27-a0-931-g5a74e75d8f (webtiles) character file.

Game seed: 13085671804859568143

53 Alarkh the Insei (level 3, 0/28 HPs)
             Began as a Demonspawn Gladiator on Apr 10, 2021.
             Slain by Natasha (6 damage)
             ... on level 2 of the Dungeon.
             The game lasted 00:00:53 (1038 turns).

Alarkh the Insei (Demonspawn Gladiator)             Turns: 1038, Time: 00:00:54

Health: 0/28       AC:  4    Str: 14    XL:     3   Next: 64%
Magic:  3/3        EV: 12    Int: 10    God:
Gold:   33         SH:  0    Dex: 14    Spells: 2/2 levels left

rFire    . . .     SeeInvis .     - Unarmed
rCold    . . .     Faith    .   (no shield)
rNeg     . . .     Spirit   .   a - +0 leather armour
rPois    .         Reflect  .   b - +0 helmet
rElec    .         Harm     .   (no cloak)
rCorr    .         Rampage  .   (no gloves)
Will     .....                  (no boots)
Stlth    +.........             (no amulet)
HPRegen  0.09/turn              (no ring)
MPRegen  0.08/turn              (no ring)

@: slowed, very slow
A: spiny 2
a: no special abilities


You were on level 2 of the Dungeon.
You visited 1 branch of the dungeon, and saw 2 of its levels.

You collected 33 gold pieces.

Inventory:

Missiles
 c - 3 throwing nets (quivered)
Armour
 a - a +0 leather armour (worn)
 b - a +0 helmet (worn)
Scrolls
 d - 2 scrolls of teleportation {unknown}


   Skills:
 + Level 2.8 Fighting
 - Level 1.7 Throwing
 - Level 2.6 Dodging
 * Level 3.8 Unarmed Combat


You had 2 spell levels left.
You didn't know any spells.
Your spell library was empty.

Dungeon Overview and Level Annotations

Branches:
Dungeon (2/15)

Altars:

Annotations:
D:2 Natasha


Innate Abilities, Weirdness & Mutations

You are mostly covered in sharp spines.


Message History

No target in view!
No target in view!
No target in view!
No target in view!
No target in view!
No target in view!
No target in view!
You start resting.
HP restored.
You climb downwards.
Level annotation: Natasha Natasha mumbles some strange words.
There is a stone staircase leading up here.
You hit Natasha.
Natasha is moderately wounded.
Natasha barely misses you.
You hit Natasha but do no damage. You punch Natasha.
Natasha is moderately wounded.
The iron imp closely misses you. Natasha barely misses you.
You barely miss Natasha.
Natasha is moderately wounded.
Natasha is struck by your spines. Natasha claws you!
The iron imp is struck by your spines. The iron imp hits you.
You hit Natasha.
Natasha is almost dead.
Natasha stares at you and mumbles some strange words.
You feel yourself slow down.
You hit Natasha but do no damage.
Natasha is almost dead.
The iron imp hits you! Natasha casts a spell at you.
You feel as though you will be slow longer.
The iron imp closely misses you.
You closely miss Natasha.
Natasha is almost dead.
Natasha casts a spell at you. The magic dart hits you!
* * * LOW HITPOINT WARNING * * *
The iron imp misses you. Natasha claws you.
You die...

.......h.).......
..........#####.#
.....5....####
........†.'..#
..........##.###+###
..........##.......#
..........##..)....#
.........##h5.....#
.........##@...†..#+#######
........#######...........
........# #...........
#........... #...........
###†.###### ######### ##..#
........####..##
...............#


You could see an iron imp (summoned) and Natasha.

Vanquished Creatures
  2 adders
  A worm (D:2)
  3 dart slugs (D:1)
  4 endoplasms
  3 giant cockroaches
  2 goblins (D:1)
  A hobgoblin (D:2)
  A quokka (D:1)
  4 bats
  2 frilled lizards (D:1)
  A kobold (D:2)
  2 rats (D:2)
26 creatures vanquished.

Notes
Turn   | Place    | Note
-------+----------+-------------------------------------------
     0 | D:1      | Alarkh the Demonspawn Gladiator began the quest for the
                  | Orb.
     0 | D:1      | Reached XP level 1. HP: 16/16 MP: 1/1
   194 | D:1      | Reached skill level 3 in Unarmed Combat
   206 | D:1      | Gained mutation: You are partially covered in sharp spines.
                  | [demonic ancestry]
   206 | D:1      | Reached XP level 2. HP: 21/22 MP: 2/2
   848 | D:2      | Gained mutation: You are mostly covered in sharp spines.
                  | [demonic ancestry]
   848 | D:2      | Reached XP level 3. HP: 20/28 MP: 3/3
   969 | D:2      | Noticed Natasha
  1038 | D:2      | Slain by Natasha

Illustrated notes

Levels and vault maps discovered:
D:1:      evilmike_arrival_crescent, layout_loops_cross, serial_bayou_pond_b,
          serial_bayou_crossing
D:2:      layout_basic, uniq_natasha

Skill      XL: |  1 |
---------------+----+-----
Unarmed Combat | 3 |  3.8
Fighting       | |  2.8
Throwing       | |  1.7
Dodging        | |  2.6

Action                   || total
-------------------------++-------
Melee: Unarmed           ||    68
       Punch             ||     4
 Stab: Sleeping          ||     3
Armor: Leather armour    ||    12
Dodge: Dodged            ||    30

Table legend: (Time is in decaauts)
 A = Elapsed time spent in this place.
 B = Non-inter-level travel time spent in this place.
 C = Inter-level travel time spent in this place.
 D = Time resting spent in this place.
 E = Time spent auto-exploring this place.
 F = Levels seen in this place.
 G = Mean time per level.
                   A        B        C        D        E       F      G
               +--------+--------+--------+--------+--------+-----+--------+
         Total |   1042 |   1019 |     23 |     40 |    822 |   2 |  521.0 |
       Dungeon |   1042 |   1019 |     23 |     40 |    822 |   2 |  521.0 |
               +--------+--------+--------+--------+--------+-----+--------+

Top non-repeatable levels by time:
     D:1: 835 daAuts
     D:2: 206 daAuts
